 Dungeon Crawl Stone Soup version 0.31-a0-83-gbff143cfd1 (webtiles) character file.

Game seed: 3958439187560098084

294 Strat the Sneak (level 6, 0/37 HPs)
             Began as a Kobold Brigand on May 24, 2023.
             Was a Believer of Uskayaw.
             Killed by nerve-wracking pain
             ... invoked by an orc priest
              (5 damage)
             ... on level 4 of the Dungeon.
             The game lasted 00:05:25 (3915 turns).

Strat the Sneak (Kobold Brigand)                    Turns: 3915, Time: 00:05:26

Health: 0/37       AC:  3    Str:  8    XL:     6   Next: 60%
Magic:  6/6        EV: 15    Int: 13    God:    Uskayaw [**....]
Gold:   177        SH:  0    Dex: 18    Spells: 5/5 levels left

rFire   . . .        a - +2 dagger
rCold   . . .        (no shield)
rNeg    . . .        b - +0 robe
rPois   .            (no helmet)
rElec   .            c - +0 cloak
rCorr   .            (no gloves)
SInv    .            (no boots)
Will    .....        (no amulet)
Stlth   +++++        (no ring)
HPRegen 0.26/turn    (no ring)
MPRegen 0.10/turn

%: no passive effects
@: no status effects
A: small, no large weapons, nightstalker 3
a: Renounce Religion, Stomp, Line Pass


You were on level 4 of the Dungeon.
You worshipped Uskayaw.
Uskayaw was noncommittal.
You visited 1 branch of the dungeon, and saw 4 of its levels.

You collected 177 gold pieces.

Inventory:

Hand Weapons
 a - a +2 dagger (weapon)
Missiles
 d - 9 poisoned darts (quivered)
 e - 3 curare-tipped darts
Armour
 b - a +0 robe (worn)
 c - a +0 cloak (worn)
Jewellery
 j - a ring of protection from fire
 m - a ring of ice
 n - a ring of fire
Scrolls
 g - 2 scrolls of teleportation {unknown}
 i - a scroll of magic mapping {unknown}
 k - 2 scrolls of identify
 q - a scroll of enchant armour {unknown}
 r - a scroll of torment {unknown}
 s - a scroll of enchant weapon {unknown}
 u - a scroll of blinking {unknown}
Potions
 f - a potion of haste {unknown}
 h - a potion of attraction {unknown}
 l - 2 potions of lignification {unknown}
 o - a potion of heal wounds {unknown}
 p - 2 potions of degeneration {unknown}
 t - a potion of cancellation {unknown}


   Skills:
 + Level 3.3 Fighting
 * Level 5.4 Short Blades
 - Level 2.1 Throwing
 + Level 3.0 Dodging
 * Level 7.4 Stealth


You had 5 spell levels left.
You didn't know any spells.
Your spell library contained the following spells:

 Spells                   Type           Power      Damage    Failure   Level
 Portal Projectile        Hex/Tloc       0%         N/A       67%         3
 Tukima's Dance           Hex            0%         N/A       67%         3
 Blade Hands              Tmut           0%         N/A       100%        5


Dungeon Overview and Level Annotations

Branches:
Dungeon (4/15)
 Temple: D:4-7

Altars:
Okawaru
Qazlal
Uskayaw
Zin


Innate Abilities, Weirdness & Mutations

You are small and have problems with some larger weapons.
You are completely attuned to the shadows.


Message History

The orc priest is moderately wounded.
You hit the orc priest but do no damage.
The orc priest is moderately wounded.
The orc priest barely misses you.
You hit the orc priest but do no damage.
The orc priest is moderately wounded.
The orc priest barely misses you.
You barely miss the orc priest.
The orc priest is moderately wounded.
The orc priest misses you.
You hit the orc priest.
The orc priest is severely wounded.
You can now pass through a line of other dancers.
You barely miss the orc priest.
The orc priest is severely wounded.
The orc priest hits you with a +0 hand axe.
* * * LOW HITPOINT WARNING * * *
You hit the orc priest but do no damage.
The orc priest is severely wounded.
The orc priest closely misses you.
You barely miss the orc priest.
The orc priest is severely wounded.
The orc priest calls down the wrath of Beogh upon you.
Pain shoots through your body!
* * * LOW HITPOINT WARNING * * *
You closely miss the orc priest.
The orc priest is severely wounded.
You barely miss the orc priest.
The orc priest is severely wounded.
The orc priest closely misses you.
You hit the orc priest.
The orc priest is severely wounded.
The orc priest completely misses you.
You hit the orc priest.
The orc priest is almost dead.
You hit the orc priest but do no damage.
The orc priest is almost dead.
The orc priest calls down the wrath of Beogh upon you.
Pain shoots through your body!
You die...

#.#........##
#....## #.#.
#...........##
#..### #.#.
#.........#..# #..#
#.#.
#.........##.###..#
#.#.
#)#'########..##..#
#.#.
#.#.######........#
#.#.
#.#........)...>.##
#.#.
#.########.###o#.#
#.#.
#)########.###@#)#
#.#.
#..........#...#.#
#.#.
############.#<#.#
#.#. #.#.#.# #.#.
#.#)#.# #.#.
#.#.#.# #.#.
#.#.#.# #.##
#.#.#.# #.# #.#.#.#
#.#


You could see an orc priest.

Vanquished Creatures
  A scorpion (D:4)
  A gnoll bouda (D:4)
  A sleepcap (D:4)
  Jessica (D:2)
  6 gnolls (D:4)
  2 worms (D:2)
  7 dart slugs
  6 orcs (D:3)
  6 bats
  7 endoplasms
  3 giant cockroaches
  10 goblins
  3 hobgoblins (D:3)
  4 quokkas
  5 ball pythons
  6 kobolds
  8 rats
77 creatures vanquished.

Notes
Turn   | Place    | Note
-------+----------+-------------------------------------------
     0 | D:1      | Strat the Kobold Brigand began the quest for the Orb.
     0 | D:1      | Reached XP level 1. HP: 12/12 MP: 1/1
   255 | D:1      | Reached XP level 2. HP: 17/17 MP: 2/2
   375 | D:1      | Reached XP level 3. HP: 22/22 MP: 3/3
   800 | D:2      | Noticed Jessica
   831 | D:2      | Killed Jessica
   832 | D:2      | Reached skill level 6 in Stealth
   832 | D:2      | Reached XP level 4. HP: 20/27 MP: 4/4
   915 | D:2      | Found a glowing silver altar of Zin.
  1801 | D:3      | Found a large runed translucent door.
  1801 | D:3      | Found a large runed translucent door.
  2300 | D:3      | Reached XP level 5. HP: 31/31 MP: 5/5
  2518 | D:3      | Found a faded altar of an unknown god.
  2628 | D:3      | Found a stormy altar of Qazlal.
  2739 | D:3      | Found an iron altar of Okawaru.
  2754 | D:3      | Found a hide-covered altar of Uskayaw.
  2762 | D:3      | Became a worshipper of Uskayaw the Reveller
  2797 | D:4      | Reached * piety under Uskayaw
  2798 | D:4      | Reached skill level 7 in Stealth
  3051 | D:4      | Reached ** piety under Uskayaw
  3055 | D:4      | Reached skill level 5 in Short Blades
  3055 | D:4      | Reached XP level 6. HP: 13/37 MP: 6/6
  3511 | D:4      | Reached *** piety under Uskayaw
  3915 | D:4      | Killed from afar by an orc priest

Illustrated notes

Levels and vault maps discovered:
D:1:      dpeg_arrival_signposts, layout_basic
D:2:      layout_basic, basic_altar, uniq_jessica
D:3:      layout_loops_ring, jmf_multi_god_temple2, marbit_many_paths,
          dreamdust_ecumenical_altar_hidden_monk_grotto, guppyfry_early_orc_mine
D:4:      layout_basic, mainiacjoe_overflow_24_doors, minmay_manual_mess

Skill      XL: |  1  2  3  4  5  6 |
---------------+-------------------+-----
Short Blades   | 3 4 5 |  5.4
Dodging        | 2 3 |  3.0
Stealth        | 6 7 |  7.4
Fighting       | 3 |  3.3
Throwing       | |  2.1

Action                     |  1- 3 |  4- 6 || total
---------------------------+-------+-------++-------
  Melee: Dagger            |    58 |   241 ||   299
         Punch             |       |     3 ||     3
    Use: Potion            |       |     3 ||     3
         Scroll            |       |     1 ||     1
   Stab: Sleeping          |    12 |    24 ||    36
         Distracted        |       |     1 ||     1
         Paralysed         |       |     1 ||     1
 Armour: Robe              |     6 |    16 ||    22
  Dodge: Dodged            |    26 |   126 ||   152

Table legend: (Time is in decaauts)
 A = Elapsed time spent in this place.
 B = Non-inter-level travel time spent in this place.
 C = Inter-level travel time spent in this place.
 D = Time resting spent in this place.
 E = Time spent auto-exploring this place.
 F = Levels seen in this place.
 G = Mean time per level.
                   A        B        C        D        E       F      G
               +--------+--------+--------+--------+--------+-----+--------+
         Total |   3853 |   3728 |    125 |    635 |   2394 |   4 |  963.2 |
       Dungeon |   3853 |   3728 |    125 |    635 |   2394 |   4 |  963.2 |
               +--------+--------+--------+--------+--------+-----+--------+

Top non-repeatable levels by time:
     D:3: 1196 daAuts
     D:4: 955 daAuts
     D:2: 917 daAuts
     D:1: 784 daAuts
